[Event "Carolinas Classic 2022"]
[Site "Charlotte"]
[Date "2022.06.11"]
[Round "1.1"]
[White "Chirilov, James A"]
[Black "Moradiabadi, Elshan"]
[Result "0-1"]
[ECO "B33"]
[WhiteElo "1838"]
[BlackElo "2537"]
[Annotator "TA"]
[PlyCount "80"]
[EventDate "2022.06.10"]
[EventType "swiss"]
[EventCountry "USA"]
[SourceTitle "playchess.com"]
[Source "ChessBase"]
[SourceQuality "1"]
[TimeControl "5400+30"]

1. e4 c5 2. Nf3 Nc6 3. d4 cxd4 4. Nxd4 Qb6 5. Nb3 Nf6 6. Nc3 e6 7. Be3 Qc7 8. Bd3 a6 9. O-O b5 {[%emt 0:00:09] B33: Sicilian: Pelikan and Sveshnikov Variations.} 10. f4 b4 {[%emt 0:00:37] [#]} 11. Nb1 $146 (11. Na4 $1 $16) ({Predecessor:} 11. Na4 Rb8 12. c4 bxc3 13. Nxc3 h5 14. Be2 Rb4 15. Bf3 Qb8 16. Rf2 a5 17. Qe2 {0-1 (67) Miroslaw,M (2280)-Jakubowski,K (2508) Pokrzywna 2018}) 11... a5 {[%emt 0:07:58] The position is equal.} 12. Qf3 (12. a4 $14) 12... Bb7 (12... a4 $11 13. Nc1 Bb7) 13. Nc5 {[%emt 0:03:11] [#]} ({Better is} 13. a4 $14) 13... Nd4 $1 $15 14. Bxd4 Bxc5 15. Bxc5 Qxc5+ 16. Kh1 d5 17. exd5 Bxd5 18. Qe2 O-O {[%emt 0:00:08] Black is more active.} 19. Nd2 Rac8 20. a3 bxa3 21. Rxa3 Rb8 22. Rfa1 Rxb2 {[%emt 0:02:14] Hoping for ...Ra8.} 23. Rxa5 Qd4 24. R5a4 $1 Rb4 25. Rxb4 Qxa1+ 26. Rb1 Qd4 27. Rf1 g6 28. Qf2 Qxf2 29. Rxf2 Ng4 30. Re2 Ra8 {[%emt 0:00:01] Threatens to win with ...Ra1+.} 31. Nf3 ({White should play} 31. Kg1 $1 $15) 31... Ra1+ 32. Ng1 {[%emt 0:03:15] [#]} (32. Ne1 $17) 32... Rf1 $1 $19 {[%emt 0:00:58] And now ...Nf2+ would win.} 33. h3 Nf2+ ({Don't play} 33... Rxf4 34. hxg4 Rxg4 35. Nf3 $16) 34. Kh2 Nxd3 35. cxd3 Rxf4 {[%emt 0:00:03] KRB-KRN} 36. Rd2 g5 37. d4 $2 (37. Rc2) 37... h5 {[%emt 0:02:40] Black is clearly winning.} 38. Rd3 (38. Re2 $142 Rxd4 39. Nf3 Bxf3 40. gxf3) 38... Rf2 39. Rg3 f6 40. h4 g4 {[%emt 0:00:59] Weighted Error Value: White=0.40/Black=0.09 (flawless)} 0-1

[Event "Carolinas Classic 2022"]
[Site "Charlotte"]
[Date "2022.06.11"]
[Round "1.2"]
[White "Shabalov, Alexander"]
[Black "Rajagopal, Adharsh"]
[Result "1-0"]
[ECO "B90"]
[WhiteElo "2504"]
[BlackElo "1756"]
[Annotator "TA"]
[PlyCount "99"]
[EventDate "2022.06.10"]
[EventType "swiss"]
[EventCountry "USA"]
[SourceTitle "playchess.com"]
[Source "ChessBase"]
[SourceQuality "1"]
[TimeControl "5400+30"]

1. e4 c5 2. Nf3 d6 3. d4 cxd4 4. Nxd4 Nf6 5. Nc3 a6 6. Qd3 {[%emt 0:00:13] B90: Sicilian Najdorf: Unusual White 6th moves, 6 Be3 Ng4 and 6 Be3 e5.} e5 7. Nb3 Be7 8. Bg5 {[%emt 0:01:42] White has an edge.} Be6 9. Bxf6 Bxf6 10. Nd5 ({White should play} 10. O-O-O $14) 10... Bxd5 11. Qxd5 Nc6 12. c3 O-O 13. Rd1 Be7 14. Be2 Qc7 15. O-O {[%emt 0:00:38] [#]} Rfd8 $146 ({Predecessor:} 15... b5 16. a3 Rac8 17. Na1 Rfd8 18. Nc2 Bg5 19. Qd3 Ne7 20. Qg3 Bf4 21. Qh3 d5 {1-0 (34) Hoang,T-Nguyen,T Ha Tinh 2000}) 16. Rd3 Rac8 17. Rfd1 b5 18. Nd2 Na5 19. b4 Nc6 20. a4 Bf6 21. axb5 Ne7 22. Qb3 axb5 23. Nf1 Qc6 24. Bg4 Rb8 25. Bf3 Bg5 26. g3 Nc8 27. h4 Bh6 28. Qd5 Qe8 29. Qa2 Qc6 {[%emt 0:00:33] [#]} 30. Nh2 $1 g6 31. Ng4 Bg7 32. h5 {[%emt 0:00:15] White is more active.} Nb6 $1 ({Not} 32... Ra8 33. Qd5 Qa6 34. h6 $16) 33. h6 $36 {[%emt 0:01:44][%mdl 2048] White has the initiative.} Bh8 34. Qd2 Nc4 {[%emt 0:00:31] A mistake that costs the game.} (34... d5 $1 $11) 35. Qg5 $18 {[%emt 0:00:32] And now Nf6+ would win.} Qe8 36. Rd5 {[%emt 0:05:06] Be2 is the strong threat.} ({Much less strong is} 36. Nf6+ $6 Bxf6 37. Qxf6 Qf8 $16) 36... Qe6 $2 {[%emt 0:01:31] [#]} (36... Kf8 37. Be2 Qe7 38. Qxe7+ Kxe7) 37. Rxb5 $3 f6 {[%emt 0:01:38] [#]} (37... Ra8 38. Rb7) 38. Rxb8 $1 Rxb8 39. Qc1 {[%emt 0:00:05] White is clearly winning.} Rc8 40. Qa1 Qf7 41. Qa6 Qc7 42. Be2 {[%emt 0:00:58] aiming for Bxc4+.} Nb6 43. Ne3 Qc6 44. Qa7 Re8 45. b5 Qc5 {[%emt 0:00:15] [#]} 46. Nc4 $1 Nxc4 47. Qxc5 {[%emt 0:00:05][%mdl 64] Remove Defender} dxc5 48. Bxc4+ Kf8 49. b6 (49. Rd7 $142 Re7 50. Rd6) 49... Rb8 50. Rd7 {[%emt 0:00:15] Weighted Error Value: White=0.16 (very precise) /Black=0.28 (precise)} 1-0

[Event "Carolinas Classic 2022"]
[Site "Charlotte"]
[Date "2022.06.11"]
[Round "1.3"]
[White "Guha, Rohit"]
[Black "Brodsky, David"]
[Result "0-1"]
[ECO "E20"]
[WhiteElo "1945"]
[BlackElo "2484"]
[Annotator "TA"]
[PlyCount "80"]
[EventDate "2022.06.10"]
[EventType "swiss"]
[EventCountry "USA"]
[SourceTitle "playchess.com"]
[Source "ChessBase"]
[SourceQuality "1"]
[TimeControl "5400+30"]

1. d4 Nf6 2. c4 e6 3. Nc3 Bb4 4. f3 c5 5. d5 b5 6. e4 {[%emt 0:00:06] E20: Nimzo-Indian: 4 g3 and 4 f3.} d6 $1 {[%emt 0:00:09][%mdl 4] is more profitable than 6...bxc4 at the moment.} 7. Nge2 bxc4 {[%emt 0:00:13] With the idea ...exd5.} 8. Nf4 {[%emt 0:09:35] The position is equal.} e5 9. Nfe2 Nbd7 10. Ng3 Nb6 11. Be2 Ng8 12. h4 Ne7 13. h5 {[%emt 0:06:44] Inhibits Ng6.} h6 {[%emt 0:00:12] [#]} 14. O-O $146 ({Predecessor:} 14. f4 exf4 15. Bxf4 g5 16. hxg6 Nxg6 17. Qd2 Qe7 18. O-O Bd7 19. Bxh6 O-O-O 20. Nh5 Bxc3 21. bxc3 Qxe4 {0-1 (39) Suleymanli,A (2541)-Brkic,A (2621) Riga 2021}) 14... g5 {[%emt 0:16:45] [#]} (14... f6 $11 {keeps the balance.}) 15. hxg6 $1 $16 Nxg6 16. f4 (16. Nh5 $16) 16... Rg8 17. f5 (17. Nh5 $5 exf4 18. Bxf4 Nxf4 19. Rxf4 $11) 17... Nh4 18. Kf2 {[%emt 0:07:01] Hoping for Rh1.} Bxc3 19. bxc3 {[%emt 0:00:12] Rh1 is the strong threat.} Bd7 $2 (19... Nxg2 $11 {and Black stays safe.} 20. Kxg2 Qh4) 20. a4 $2 ({White should try} 20. Rh1 $18) 20... Qf6 (20... Nxg2 $14 21. Kxg2 Qh4) 21. Bg4 Nxg2 22. Kxg2 {[%emt 0:02:26] Strongly threatening Kh3.} Qh4 23. Rh1 Qxg4 24. Qxg4 Rxg4 25. Kf3 Rg8 26. a5 Na4 27. Nh5 {[%emt 0:00:38] aiming for Nf6+.} (27. Bd2 $5 ) 27... Ke7 {[%emt 0:10:55] Prevents Nf6.} ({Don't take} 27... Nxc3 28. Nf6+ Ke7 29. Nxg8+ Rxg8 30. Bxh6 $16) 28. Bxh6 $2 ({White should play} 28. Bd2 $11) 28... Nxc3 $17 {[%emt 0:01:07] Threatens to win with ...Rab8.} 29. Rag1 (29. Bg7 $17) 29... Rxg1 $19 30. Rxg1 Rh8 31. Bg5+ Kf8 32. Nf6 Bb5 33. Rc1 (33. Ra1 $142) 33... Na2 34. Ra1 {[%emt 0:00:52] [#]} Nb4 35. Ng4 c3 36. Bh6+ Ke7 37. Rg1 c2 {[%emt 0:00:37][%cal Oh8h6] And now ...Rxh6! would win.} 38. Nf6 $2 (38. Bg5+ Kd7 39. Kg3) 38... Rxh6 {[%emt 0:01:36] Black is clearly winning.} 39. Ng8+ Ke8 40. Nxh6 Nd3 {[%emt 0:00:03] Weighted Error Value: White=0.53/Black=0.20 (precise)} 0-1

[Event "Carolinas Classic 2022"]
[Site "Charlotte"]
[Date "2022.06.11"]
[Round "1.4"]
[White "Panchanathan, Magesh Chandran"]
[Black "Sammons, Evan"]
[Result "1-0"]
[ECO "A05"]
[WhiteElo "2474"]
[BlackElo "1772"]
[Annotator "TA"]
[PlyCount "33"]
[EventDate "2022.06.10"]
[EventType "swiss"]
[EventCountry "USA"]
[SourceTitle "playchess.com"]
[Source "ChessBase"]
[SourceQuality "1"]
[TimeControl "5400+30"]

1. Nf3 Nf6 2. g3 b5 3. Bg2 Bb7 4. O-O e6 5. a4 b4 6. d3 c5 7. e4 d6 8. c3 {[%emt 0:00:38] A05: Réti Opening: 1 Nf3 Nf6.} Nc6 9. a5 {[%emt 0:00:38] [#]} a6 $146 ({Predecessor:} 9... Rc8 10. Qa4 Qd7 11. a6 Ba8 12. Nbd2 Be7 13. Nc4 O-O 14. Bd2 d5 15. exd5 Nxd5 {0-1 (31) Disconzi da Silva,R (2362)-Delgado Ramirez,N (2604) Florianopolis 2015}) 10. Qa4 {[%emt 0:00:08] The position is equal.} Qd7 (10... bxc3 $11 11. bxc3 (11. Nxc3 Qd7 $11) 11... Be7) 11. Nbd2 $16 Be7 12. Nc4 Rd8 13. Nb6 Qc7 14. cxb4 {[%emt 0:00:43] White is more active.} cxb4 (14... O-O $16) 15. Be3 $18 O-O 16. Rfc1 {[%emt 0:01:11] [#] Threatens to win with Nd4.} d5 $2 (16... Nd7 17. d4 Kh8) 17. Bf4 {[%emt 0:01:15] Black did not feel at home in the position after the opening.  Weighted Error Value: White=0.02 (flawless) /Black=0.71} 1-0

[Event "Carolinas Classic 2022"]
[Site "Charlotte"]
[Date "2022.06.11"]
[Round "1.5"]
[White "Pothuri, Abhiram"]
[Black "Ippolito, Dean"]
[Result "0-1"]
[ECO "B31"]
[WhiteElo "2090"]
[BlackElo "2375"]
[Annotator "TA"]
[PlyCount "102"]
[EventDate "2022.06.10"]
[EventType "swiss"]
[EventCountry "USA"]
[SourceTitle "playchess.com"]
[Source "ChessBase"]
[SourceQuality "1"]
[TimeControl "5400+30"]

1. e4 c5 2. Nf3 Nc6 3. Bb5 g6 4. O-O Bg7 5. c3 Nf6 6. Re1 O-O 7. d4 d5 8. e5 Ne4 9. Ng5 Nxg5 10. Bxg5 cxd4 11. cxd4 f6 {[%emt 0:00:36] B31: Sicilian: 2...Nc6 3 Bb5 g6.} 12. Bxc6 bxc6 (12... fxg5 $11 13. Ba4 a6) 13. Bf4 $14 {[%emt 0:01:16] [#]} e6 $146 {[%emt 0:43:13] White is slightly better.} ({Predecessor:} 13... Qb6 14. Qd2 a5 15. Nc3 a4 16. Rac1 Bd7 17. h4 Ra7 18. Re3 fxe5 19. Bxe5 Bh6 {1-0 (40) Menzel,R (2230)-Rabeler,G (2335) Germany 1991}) 14. Qd2 fxe5 15. Bxe5 Bxe5 16. Rxe5 Qd6 17. Nc3 c5 18. Rae1 (18. Na4 $5 ) 18... Bd7 19. h4 Rab8 20. h5 cxd4 21. Qxd4 Rb4 (21... Qb6 $5 22. Qh4 (22. Qxb6 Rxb6 23. b3 Rc6 $15) 22... Qb4 $11) 22. Qd2 {[%emt 0:06:26][%cal Rc3d5] Strongly threatening Nxd5!} Rg4 23. h6 Rf5 24. Rxf5 gxf5 25. Qe2 (25. Ne2 $11 {keeps the balance.}) 25... d4 26. Nb5 (26. Nb1 $17) 26... Qd5 $1 $19 27. f3 Bxb5 28. Qc2 (28. Qxe6+ $142 Qxe6 29. Rxe6) 28... Rg6 29. Qc8+ Kf7 30. Rc1 d3 (30... Qxf3 31. Rc7+ Kf6 32. Qh8+ Kg5 33. gxf3 $18) 31. Qh8 {[%emt 0:00:42] Prevents Qd4+.} Rxh6 32. Rc8 Qd6 $2 ({Black should try} 32... d2 $19 33. Qg8+ Kf6 34. Rf8+ Ke5 35. Qg7+ Rf6 $3 36. Qxf6+ Kd6) 33. Qg8+ $11 Kf6 34. Rf8+ Ke5 $1 35. Qg7+ Kd5 $1 36. Qxh6 {[%emt 0:00:05][%mdl 4096] Endgame KQR-KQB} f4 $36 {[%emt 0:01:43][%mdl 2048] ...d2 is the strong threat. Black is pushing.} 37. Qg5+ (37. Rxf4 $2 d2 38. Rd4+ Kxd4 $19) 37... e5 $1 38. Rd8 Bd7 {[%emt 0:00:05] White must now prevent ...d2.} 39. Qg8+ Kc5 {[%emt 0:00:35] And now ...d2 would win.} 40. Qxh7 $2 {[%emt 0:00:43][%mdl 8192] [#]} (40. Qb3 $1 $11 {and White is okay.} Qd4+ 41. Kf1) 40... d2 $1 $19 ({Weaker is} 40... Qd4+ 41. Kh2 Kc6 42. Rg8 $11) 41. Qc2+ {[%emt 0:00:15] [#]} Kb6 $1 {[%emt 0:00:06] Active counter play!} 42. Qd1 ({Much weaker is} 42. Qb3+ Kc7 43. Rxd7+ (43. Qb8+ $2 Kc6 $19) 43... Kxd7 $19) 42... Kc7 43. Ra8 Kb7 {[%emt 0:00:44] Really sharp!} 44. Rh8 {[%emt 0:00:30] [#]} (44. Rd8 $142 Qb6+ 45. Kh2 Qxd8 46. Qxd2) 44... Ba4 $1 45. Rh7+ Kb6 46. b3 $2 (46. Rh6 Qxh6 47. Qxd2) 46... Qc5+ 47. Kh2 Qc1 48. Qe2 d1=Q 49. Rh6+ Bc6 {[%emt 0:00:13] ( -> ...Qh1#)} 50. Rxc6+ Kxc6 51. Qa6+ Kd5 {[%emt 0:01:17] Weighted Error Value: White=1.25/Black=0.20 (precise)} 0-1

[Event "Carolinas Classic 2022"]
[Site "Charlotte"]
[Date "2022.06.11"]
[Round "2.1"]
[White "Moradiabadi, Elshan"]
[Black "Karthik, Advaith"]
[Result "1-0"]
[ECO "A18"]
[WhiteElo "2537"]
[BlackElo "2081"]
[Annotator "TA"]
[PlyCount "39"]
[EventDate "2022.06.10"]
[EventType "swiss"]
[EventCountry "USA"]
[SourceTitle "playchess.com"]
[Source "ChessBase"]
[SourceQuality "1"]
[TimeControl "5400+30"]

1. c4 Nf6 2. Nc3 e6 3. e4 d5 4. e5 d4 5. exf6 dxc3 6. bxc3 Qxf6 7. Nf3 b6 {[%emt 0:04:33] A18: English Opening: Flohr-Mikenas System (1 c4 Nf6 2 Nc3 e6 3 e4).} 8. g3 Bb7 9. Bg2 Bd6 {[%emt 0:05:21] The position is equal.} 10. d4 {[%emt 0:00:19] Strongly threatening Bg5.} h6 {[%emt 0:00:18] Inhibits Bg5.} 11. Qd3 {[%emt 0:00:50] [#]} O-O $146 {[%emt 0:03:35] [#]} (11... Nd7 $11) ({Predecessor:} 11... Nd7 12. O-O Rb8 13. Nd2 Bxg2 14. Kxg2 O-O 15. f4 Rbd8 16. Nf3 Qf5 17. Qxf5 exf5 {0-1 (42) Maslak,K (2548)-Khusenkhojaev,M (2310) Peterhof 2007}) 12. Ng5 $1 $18 hxg5 13. Bxb7 Nd7 14. Bxa8 Rxa8 15. O-O Rd8 16. Qe4 c5 (16... Qe7 $142 17. Rb1 f6) 17. Be3 e5 18. Rad1 Rc8 (18... Qe7 $142 19. dxc5 Nxc5 20. Bxc5 Bxc5 21. Rxd8+ Qxd8 22. Qxe5 a6) 19. Qg4 exd4 20. Bxg5 {[%emt 0:01:41] White took control after the opening.  Weighted Error Value: White=0.08 (flawless) /Black=0.47} ({Don't play} 20. Qxd7 Rd8 21. Qxa7 dxe3 $18) 1-0

[Event "Carolinas Classic 2022"]
[Site "Charlotte"]
[Date "2022.06.11"]
[Round "2.2"]
[White "Wen, Yili"]
[Black "Shabalov, Alexander"]
[Result "0-1"]
[ECO "A37"]
[WhiteElo "2122"]
[BlackElo "2504"]
[Annotator "TA"]
[PlyCount "46"]
[EventDate "2022.06.10"]
[EventType "swiss"]
[EventCountry "USA"]
[SourceTitle "playchess.com"]
[Source "ChessBase"]
[SourceQuality "1"]
[TimeControl "5400+30"]

1. c4 c5 2. Nf3 Nc6 3. Nc3 g6 4. g3 Bg7 5. Bg2 d6 6. O-O Qd7 {[%emt 0:00:05] 6...e6 is setting a new trend.} 7. e3 Bxc3 {[%emt 0:01:09] A37: Symmetrical English vs ...g6: 4 Bg2 Bg7 5 Nf3.} 8. bxc3 b6 9. d3 Bb7 {[%emt 0:00:05] White is slightly better.} 10. a4 {[%emt 0:18:02] [#]} f5 $146 {[%emt 0:01:09] [#]} (10... Na5 $11 {remains equal.}) ({Predecessor:} 10... e6 11. e4 h6 12. Qe2 Nge7 13. Re1 O-O-O 14. Nd2 Na5 15. Qd1 Kb8 16. Nb3 Nec6 17. Nxa5 Nxa5 {0-1 (55) Fernandez Garcia,F (2070)-Kohlweyer,B (2422) Figueres 2014}) 11. Qe2 (11. e4 $1 $16) 11... Nf6 12. Nd2 h5 13. e4 h4 $1 14. Re1 e5 (14... O-O-O $15 {should be considered.}) 15. f3 $2 (15. Nb3 $11) 15... O-O-O 16. Nf1 Rdf8 {[%emt 0:05:41] Black is more active.} 17. Ne3 hxg3 18. hxg3 Qh7 19. Nf1 Kc7 20. Bg5 Nh5 21. Bc1 (21. a5 {might work better.} Nxa5 22. Reb1) 21... Na5 22. g4 $2 (22. Bg5) 22... fxg4 $19 23. fxg4 {[%emt 0:00:07] [#]} Ng3 $1 {[%emt 0:00:15][%mdl 512] Weighted Error Value: White=0.88/Black=0.15 (very precise)} 0-1

[Event "Carolinas Classic 2022"]
[Site "Charlotte"]
[Date "2022.06.11"]
[Round "2.3"]
[White "Brodsky, David"]
[Black "Chen, Alex"]
[Result "1-0"]
[ECO "B76"]
[WhiteElo "2484"]
[BlackElo "1986"]
[Annotator "TA"]
[PlyCount "81"]
[EventDate "2022.06.10"]
[EventType "swiss"]
[EventCountry "USA"]
[SourceTitle "playchess.com"]
[Source "ChessBase"]
[SourceQuality "1"]
[TimeControl "5400+30"]

1. e4 c5 2. Nf3 d6 3. d4 cxd4 4. Nxd4 Nf6 5. Nc3 g6 6. Be3 Bg7 7. f3 O-O 8. Qd2 Nc6 9. O-O-O d5 10. Nxc6 bxc6 11. Bc4 {[%emt 0:00:05] 11.Bh6 is setting a new trend.} e6 12. Bb3 {[%emt 0:00:25] B76: Sicilian Dragon: Yugoslav Attack, 9 g4 and 9 0-0-0.} Qc7 13. h4 dxe4 {[%emt 0:14:21] [#]} (13... Bb7 $5 ) 14. fxe4 $146 {[%emt 0:04:34] The position is equal.} ({Predecessor:} 14. Nxe4 Nxe4 15. fxe4 Bb7 16. h5 Qe5 17. c3 c5 18. hxg6 hxg6 19. Bh6 Bf6 20. Qe2 Qxe4 21. Qxe4 Bxe4 22. Rhe1 Bf5 23. Rf1 Bg7 {½-½ (23) Monte,L (1733)-Ferreyra,D (1794) Mar del Plata 2019}) 14... Ng4 15. Bf4 $1 Be5 16. Bxe5 Qxe5 17. Qd6 (17. h5 $1 $16) 17... Qxd6 18. Rxd6 Ne5 $1 19. Na4 Rb8 20. Rhd1 (20. Rh3 $14) 20... Ba6 21. Nc5 Bc4 22. Bxc4 Nxc4 23. Rxc6 Nxb2 24. Rd7 Nc4 {[%emt 0:02:09] Strongly threatening ...Ne5.} 25. Rxa7 {[%emt 0:00:26][%cal Oc5e6] Hoping for Nxe6!} Ne5 {[%emt 0:01:43] [#] White leaves nothing to chance now.} ({Black should try} 25... Rbc8 $14 26. Rac7 Rxc7 27. Rxc7 Ne3) 26. Rcc7 $1 $16 {[%emt 0:00:16] White is more active.} Rb4 (26... Ra8 $16) 27. a3 Rc4 {[%emt 0:00:45] [#]} 28. Nxe6 $1 Re8 (28... fxe6 $2 {gets mated.} 29. Rg7+ Kh8 30. Rxh7+ Kg8 31. Rag7#) (28... Rc8 29. Rxc8+) 29. Ng5 Rxc7 30. Rxc7 {[%emt 0:00:07][%mdl 4096] Endgame KRN-KRN} h6 31. Nf3 Ng4 32. Nd2 Ra8 33. Kb2 Rd8 {[%emt 0:00:08] [#]} (33... Ne3 $142 34. g3 h5) 34. Nc4 $1 $18 Rd4 (34... Ra8 {is a better defense.} 35. Nd6 Ne5 36. Rc8+ Rxc8 37. Nxc8 Kf8) 35. a4 {[%emt 0:03:05][%cal Ba3a4,Ba4a5][%mdl 32] Black must now prevent a5. White is clearly winning.} Rxe4 36. a5 {[%emt 0:00:06] aiming for a6.} Re6 37. Rb7 Ra6 38. Kb3 Nf2 39. Kb4 Ne4 40. Nb6 Nd6 41. Rd7 {[%emt 0:00:16] Weighted Error Value: White=0.12 (very precise) /Black=0.38} 1-0

[Event "Carolinas Classic 2022"]
[Site "Charlotte"]
[Date "2022.06.11"]
[Round "2.4"]
[White "Brady, Tyson"]
[Black "Panchanathan, Magesh Chandran"]
[Result "1-0"]
[ECO "C69"]
[WhiteElo "2064"]
[BlackElo "2474"]
[Annotator "TA"]
[PlyCount "99"]
[EventDate "2022.06.10"]
[EventType "swiss"]
[EventCountry "USA"]
[SourceTitle "playchess.com"]
[Source "ChessBase"]
[SourceQuality "1"]
[TimeControl "5400+30"]

1. e4 e5 2. Nf3 Nc6 3. Bb5 a6 4. Bxc6 dxc6 5. O-O f6 6. d4 exd4 7. Nxd4 c5 8. Ne2 Qxd1 9. Rxd1 Bd7 10. Nbc3 O-O-O 11. Be3 Re8 12. Rd2 {[%emt 0:01:03] C69: Ruy Lopez: Exchange Variation with 5 0-0 f6.} b6 13. Rad1 Bc6 14. Nf4 {[%emt 0:20:41][%cal Of4e6,Be2f4,Bf4d5,Bd5e3][%mdl 32] Ne6! is the strong threat. The position is equal.} Nh6 (14... Bd6 $5 ) 15. Nfd5 Nf7 16. Bf4 Ne5 17. Ne3 g6 18. Ncd5 Bg7 19. f3 Rhf8 20. h4 Rf7 {[%emt 0:02:21] [#]} 21. h5 $146 ({Predecessor:} 21. Kf2 h5 22. Bg3 b5 23. b3 Bh6 24. Bf4 Bf8 25. g4 hxg4 26. Bxe5 fxe5 27. Nxg4 {1-0 (57) Kalvaitis,S (2272)-Lund,S (2412) Kaunas 2009}) 21... Bf8 22. Bxe5 fxe5 23. hxg6 hxg6 24. c4 (24. Kf2 {is interesting.} Bh6 25. Rh1 Rh8 26. Ke2) 24... Bh6 {[%emt 0:02:32] aiming for ...Bxd5.} 25. Rd3 Bd7 26. Kf2 Rh8 27. Nf6 {[%emt 0:05:08][%cal Rf6d7] Pair of Knights!} Ba4 28. b3 Bxb3 29. axb3 Bxe3+ 30. Kxe3 Rxf6 $11 {[%emt 0:00:05][%mdl 4096] Endgame KRR-KRR} 31. Rd7 Rh2 32. Kf2 Re6 33. Rg7 Rh5 34. Rdd7 Rc6 35. Rd5 Rh1 $2 (35... Kb7 $11) 36. Rxe5 $16 {[%emt 0:04:14] Threatens to win with Re8+.} Rb1 (36... Rh8 $16 {might work better.} 37. f4 b5) 37. Re8+ $1 $18 Kb7 38. e5 $1 b5 {[%emt 0:07:24] [#]} 39. e6 (39. Rgg8 $1 $18 {White wants to mate with Rb8+.} Rb2+ 40. Kg3) 39... Rb2+ 40. Kg3 {[%emt 0:04:12] White is much more active.} Re2 $2 {[%emt 0:01:00][%mdl 8192] This move loses the game for Black.} (40... Rd6 $16 {is a better chance.}) 41. Rxg6 bxc4 42. bxc4 {[%emt 0:00:06] Strongly threatening f4. White is clearly winning.} a5 {[%emt 0:00:12] [#]} (42... Rd6 $142 43. f4 Re4) 43. f4 $1 a4 44. f5 {[%emt 0:00:21] Black must now prevent e7.} a3 45. Rgg8 Ra6 46. Rb8+ Kc6 47. Ra8 Rxa8 48. Rxa8 a2 49. Kf3 Re5 50. g4 {[%emt 0:00:18] Weighted Error Value: White=0.07 (flawless) /Black=0.41} 1-0

[Event "Carolinas Classic 2022"]
[Site "Charlotte"]
[Date "2022.06.11"]
[Round "2.5"]
[White "Ippolito, Dean"]
[Black "Biernacki, Mark"]
[Result "1-0"]
[ECO "E62"]
[WhiteElo "2375"]
[BlackElo "1925"]
[Annotator "TA"]
[PlyCount "91"]
[EventDate "2022.06.10"]
[EventType "swiss"]
[EventCountry "USA"]
[SourceTitle "playchess.com"]
[Source "ChessBase"]
[SourceQuality "1"]
[TimeControl "5400+30"]

1. d4 {[%emt 0:00:03] Keymer,V} Nf6 2. c4 g6 3. g3 Bg7 4. Bg2 d6 5. Nf3 O-O 6. Nc3 c6 7. e4 Bg4 8. h3 {[%emt 0:00:51] E62: King's Indian: Fianchetto: 6...c6 and Panno Variation (6...Nc6) without ...a6.} Bxf3 9. Bxf3 e5 {[%emt 0:00:08] Threatens to win with ...exd4.} 10. d5 {[%emt 0:01:35] White is better.} cxd5 11. cxd5 {[%emt 0:00:07] [#]} (11. Nxd5 $6 Nxd5 12. cxd5 Nd7 $11) 11... Na6 $146 ({Predecessor:} 11... a5 12. Be3 Na6 13. h4 h5 14. g4 hxg4 15. Bxg4 Nxg4 16. Qxg4 Nb4 17. h5 f5 18. Qxg6 {1-0 (28) Keymer,V (2558)-Naiditsch,A (2626) Biel 2020 CBM 197 [Keymer,V]}) 12. O-O Qd7 13. Kg2 b5 14. Qe2 Nc7 15. a4 b4 16. Nd1 (16. Nb5 Nce8 $11) 16... a5 17. Ne3 Na6 18. Nc4 Qc7 $1 {[%emt 0:03:03] Against Nb6} 19. Be3 $36 {[%emt 0:00:07][%mdl 2048] Hoping for Rac1. Black is under strong pressure.} Nd7 20. Rfc1 Nac5 21. Qc2 Rfc8 ({Better is} 21... Rac8 $14) 22. Bg4 $1 $16 Ra6 (22... h5 $16) 23. Nxd6 Qxd6 (23... Rxd6 $16 24. Bxc5 (24. Bxd7 Qxd7 25. Qc4 Bf8 $14) 24... Bf8) 24. Bxd7 $18 {[%emt 0:00:55][%mdl 64] Remove Defender} Qxd7 25. Bxc5 ({Only move:} 25. Qe2 $1 $18) 25... Bh6 $11 26. Rd1 Rd6 {[%emt 0:04:24][%mdl 1024] And now ...f5 would win. Black has compensation.} 27. f4 Qc7 $2 {[%emt 0:00:12] [#]} (27... exf4 $17 {[%cal Of4f3] keeps the pressure on. ...f3+! is the strong threat.} 28. Qf2 fxg3 29. Kxg3 Re8) 28. Qd2 $1 $16 Rf6 (28... Qxc5 $2 29. Rac1 $18) (28... Rdd8 29. Be3) 29. Be3 ({White should try} 29. Rac1 exf4 30. Bd4) 29... Qc4 (29... Qe7 $16 {was called for.} 30. f5 Bxe3 31. Qxe3 gxf5) 30. Qd3 $1 $18 Qxd3 31. Rxd3 exf4 32. e5 Rf5 33. gxf4 Bxf4 34. Bxf4 Rxf4 $16 {[%emt 0:00:09][%mdl 4096] Endgame KRR-KRR} 35. Re1 {[%emt 0:00:08] Inhibits Re4.} (35. d6 $16) 35... Rfc4 (35... h5 $14) 36. d6 Rc2+ 37. Kg3 {[%emt 0:00:00] White is more active.} Rxb2 38. d7 (38. e6 $16 {White threatens e7 and mate.} fxe6 39. Rxe6 (39. d7 Rd8 $14)) 38... Rd8 $11 39. e6 fxe6 40. Rxe6 Kf7 {[%emt 0:00:08] Prevents Re8.} 41. Re5 {[%emt 0:00:00] Black must now prevent Rf3+.} g5 $2 (41... b3 $2 42. Rf3+ Kg7 43. Re7+ Kg8 44. Re8+ Kg7 45. Rxd8 $18) (41... Rc2 $11) 42. Rf3+ $1 $18 {[%emt 0:00:00] White is clearly winning.} Kg6 {[%emt 0:00:09] [#]} 43. Re6+ $1 Kg7 44. Re7+ Kg6 {[%emt 0:00:05] [#]} 45. Rd3 $1 Rc2 46. Re8 {[%emt 0:01:42][%mdl 64] Trapped Piece.  Weighted Error Value: White=0.24 (precise) /Black=0.46} 1-0